Los Angeles Kings vs San Jose Sharks

Created - lundi 7 janvier 2019 at 19:00

Goals
1 2 3 T
Los Angeles Kings 0 1 1 2
San Jose Sharks 0 0 1 1
Shots
1 2 3 T
Los Angeles Kings 19 1 9 29
San Jose Sharks 9 2 16 27

1st period

No Goal

Penalties :
Brent Burns (SJS) for Hooking (Minor) at 2:46, Sebastian Aho2 (SJS) for Roughing (Minor) at 9:12

2nd period

1. Los Angeles Kings , Nick Shore 15 (Drew Doughty 32, Jeff Carter 19) at 5:14 (PP)

Penalties :
Mike Reilly (SJS) for Hooking (Minor) at 5:00, Anthony Cirelli (SJS) for Tripping (Minor) at 5:51

3rd period

2. Los Angeles Kings , Nick Shore 16 (Tanner Pearson 12, Jeff Carter 20) at 4:30 (PP)
3. San Jose Sharks , Kevin Labanc 10 (Sebastian Aho2 2) at 17:55

Penalties :
Kevin Labanc (SJS) for High sticking (Minor) at 4:00, Kevin Labanc (SJS) for Goalie Interference (Minor) at 9:49

Goalie Stats

Jonathan Quick (LAK), 26 saves from 27 shots - (0.963), W, 26-14-4, 60:00 minutes
Cam Talbot (SJS), 27 saves from 29 shots - (0.931), L, 18-16-10, 59:09 minutes

Players Stats for Los Angeles Kings

Player Name              G  A  P  +/- PIM S  H  SB GA TA FO     MP     PP MP  PK MP  
------------------------------------------------------------------------------------
Adrian Kempe             0  0  0   0  0   2  2  0  0  0  0/0    13:38   0:00   0:00 
Alec Martinez            0  0  0  -1  0   4  1  0  1  1  0/0    23:44   4:32   0:00 
Alex Iafallo             0  0  0   0  0   4  0  0  0  0  1/1    14:24   0:46   0:00 
Anze Kopitar             0  0  0   0  0   1  3  0  1  0  16/28  20:57   4:22   0:00 
Derek Dorsett            0  0  0  -1  0   0  8  0  0  0  0/0    15:32   0:18   0:00 
Drew Doughty             0  1  1  -1  0   4  2  1  0  0  0/0    24:09   4:32   0:00 
Dustin Brown             0  0  0   0  0   2  3  0  3  0  0/2    18:20   4:17   0:00 
Gustav Forsling          0  0  0   0  0   0  1  0  0  2  0/0    19:14   4:08   0:00 
Jake Muzzin              0  0  0   0  0   0  2  0  0  0  0/0    20:56   4:08   0:00 
Jeff Carter              0  2  2  -1  0   1  1  0  0  1  9/11   17:55   4:13   0:00 
Marian Gaborik           0  0  0   0  0   1  0  0  0  0  0/0     4:01   1:45   0:00 
Nick Shore               2  0  2   0  0   4  3  0  0  0  3/9    17:03   2:02   0:00 
Oscar Fantenberg         0  0  0   0  0   0  4  0  0  1  0/0    15:05   0:00   0:00 
Oskar Sundqvist          0  0  0   0  0   1  0  0  0  1  1/4    12:06   0:00   0:00 
Ryan Murphy              0  0  0   0  0   1  1  1  0  2  0/0    16:52   0:00   0:00 
Tanner Pearson           0  1  1  -1  0   0  1  1  0  0  0/3    17:52   4:12   0:00 
Trevor Lewis             0  0  0   0  0   3  0  1  0  0  0/0    11:34   0:00   0:00 
Tyler Toffoli            0  0  0   0  0   1  1  0  0  0  0/0    16:38   4:05   0:00 

Players Stats for San Jose Sharks

Player Name              G  A  P  +/- PIM S  H  SB GA TA FO     MP     PP MP  PK MP  
------------------------------------------------------------------------------------
Andre Burakovsky         0  0  0   0  0   0  0  0  0  0  0/0     5:18   0:00   0:44 
Anthony Cirelli          0  0  0   0  2   2  0  0  0  1  7/14   12:58   0:00   0:00 
Brent Burns              0  0  0   0  2   5  2  1  3  1  0/0    27:01   0:00   2:42 
Chris Tierney            0  0  0   1  0   0  3  1  0  0  0/0    15:14   0:00   0:08 
Christian Dvorak         0  0  0   0  0   3  3  0  0  0  7/13   14:13   0:00   0:00 
Clayton Keller           0  0  0   0  0   6  1  0  1  0  4/5    20:00   0:00   4:31 
Drew Stafford            0  0  0   0  0   2  1  0  0  0  0/0    13:26   0:00   0:13 
Jimmy Hayes              0  0  0   0  0   0  0  0  0  0  0/0     0:00   0:00   0:00 
Karl Alzner              0  0  0   0  0   1  1  2  0  1  0/0    25:00   0:00   4:01 
Kevin Labanc             1  0  1   1  4   3  2  0  1  0  0/0    13:57   0:00   0:00 
Logan Couture            0  0  0   1  0   2  4  0  0  1  7/18   21:31   0:00   0:00 
Mike Reilly              0  0  0   1  2   0  1  2  0  0  0/0    18:22   0:00   4:25 
Mikkel Boedker           0  0  0   0  0   2  3  0  3  0  0/0    17:08   0:00   3:55 
Sebastian Aho2           0  1  1   1  2   0  1  0  0  0  0/0    18:11   0:00   1:03 
Timo Meier               0  0  0   0  0   1  2  0  0  0  0/1    14:19   0:00   0:00 
Tommy Wingels            0  0  0   0  0   0  2  1  0  0  1/3    14:05   0:00   4:26 
Travis Dermott           0  0  0   0  0   0  2  3  0  1  0/0    26:21   0:00   4:31 
Tyler Ennis              0  0  0   0  0   0  3  1  0  0  2/4    14:10   0:00   4:01 

3 Stars

1 - Nick Shore (LAK)
2 - Jonathan Quick (LAK)
3 - Jeff Carter (LAK)

Power Play

Los Angeles Kings - 2 on 6 Attempt(s) - 33.33%
San Jose Sharks - 0 on 0 Attempt(s) - 0.00%

Penalty Kill

Los Angeles Kings - 0 on 0 Attempt(s) - 0.00% - Score 0 goal in Penalty Kill
San Jose Sharks - 4 on 6 Attempt(s) - 66.67% - Score 0 goal in Penalty Kill

Team Stat

Los Angeles Kings - Hits : 33 - Faceoff Wins : 30 - Blocked Shots : 4 - Penalty Minutes : 0
San Jose Sharks - Hits : 31 - Faceoff Wins : 28 - Blocked Shots : 11 - Penalty Minutes : 12

Official

Referees : Tom Chmielewski and Jean Hebert
Linesman : Brian Mach and Pierre Racicot

Game Notes

Marian Gaborik is injured at 12:22 of 1st period (Sore Right Knee)

Finance

Level 1 -- Attendance: 10600 (100.00%) -- Ticket Income fr. 837'400
Level 2 -- Attendance: 2043 (92.86%) -- Ticket Income fr. 130'752
Level 3 -- Attendance: 3700 (100.00%) -- Ticket Income fr. 122'100
Level 4 -- Attendance: 1450 (100.00%) -- Ticket Income fr. 29'000
Luxury Box -- Attendance: 50 (100.00%) -- Ticket Income fr. 10'050
Game was played at the SAP Center.
Total Attendance: 17843 (99.13%)
Total Ticket Income: fr. 1'129'302
Total Income: fr. 1'129'302

Los Angeles Kings

5 vs 5 Forward 
   Center                   Left Wing                Right Wing               Time % Phy DF OF 
 1 Anze Kopitar             Dustin Brown             Tyler Toffoli            29     0   1  4  
 2 Jeff Carter              Tanner Pearson           Marian Gaborik           29     0   1  4  
 3 Nick Shore               Alex Iafallo             Adrian Kempe             24     0   2  3  
 4 Oskar Sundqvist          Trevor Lewis             Derek Dorsett            18     0   3  2  

5 vs 5 Defense 
   Defense                  Defense                                           Time % Phy DF OF 
 1 Drew Doughty             Alec Martinez                                     40     0   1  4  
 2 Jake Muzzin              Ryan Murphy                                       35     0   2  3  
 3 Gustav Forsling          Oscar Fantenberg                                  25     0   2  3  
 4 Ryan Murphy              Gustav Forsling                                   0      1   2  2  

PowerPlay Forward 
   Center                   Left Wing                Right Wing               Time % Phy DF OF 
 1 Anze Kopitar             Dustin Brown             Tyler Toffoli            50     0   1  4  
 2 Jeff Carter              Tanner Pearson           Marian Gaborik           50     0   1  4  

PowerPlay Defense
   Defense                  Defense                                           Time % Phy DF OF 
 1 Drew Doughty             Alec Martinez                                     50     0   1  4  
 2 Jake Muzzin              Gustav Forsling                                   50     0   1  4  

Penalty Kill 4 Players Forward 
   Center                   Wing                     Time % Phy DF OF 
 1 Nick Shore               Adrian Kempe             50     0   3  2  
 2 Oskar Sundqvist          Trevor Lewis             50     0   3  2  

Penalty Kill 4 Players Defense
   Defense                  Defense                  Time % Phy DF OF 
 1 Gustav Forsling          Ryan Murphy              50     0   3  2  
 2 Alec Martinez            Oscar Fantenberg         50     0   3  2  

Penalty Kill - 3 Players Forward 
   Forward                                           Time % Phy DF OF 
 1 Oskar Sundqvist                                   50     0   4  1  
 2 Nick Shore                                        50     0   4  1  

Penalty Kill - 3 Players Defense
   Defense                  Defense                  Time % Phy DF OF 
 1 Drew Doughty             Oscar Fantenberg         50     0   4  1  
 2 Ryan Murphy              Gustav Forsling          50     0   4  1  

4 vs 4 Forward 
   Center                   Wing                     Time % Phy DF OF 
 1 Adrian Kempe             Alex Iafallo             50     0   2  3  
 2 Nick Shore               Trevor Lewis             50     0   2  3  

4 vs 4 Defense
   Defense                  Defense                  Time % Phy DF OF 
 1 Drew Doughty             Alec Martinez            50     0   2  3  
 2 Gustav Forsling          Ryan Murphy              50     0   2  3  

Last Minutes Offensive
   Center                   Left Wing                Right Wing               Defense                  Defense                  
   Anze Kopitar             Dustin Brown             Trevor Lewis             Alec Martinez            Drew Doughty             

Last Minutes Defensive
   Center                   Left Wing                Right Wing               Defense                  Defense                  
   Nick Shore               Trevor Lewis             Oskar Sundqvist          Gustav Forsling          Oscar Fantenberg         

Goaltenders
Starting : Jonathan Quick           
Backup : Steve Mason              

Extra Forwards
Normal : Jeff Carter, Anze Kopitar, Dustin Brown - PP : Nick Shore, Alex Iafallo - PK : Nick Shore
Extra Defensemen
Normal : Gustav Forsling, Ryan Murphy, Oscar Fantenberg - PP : Alec Martinez - PK : Ryan Murphy, Gustav Forsling
Penalty Shots
Anze Kopitar, Adrian Kempe, Jeff Carter, Dustin Brown, Marian Gaborik
Custom OT Lines Forwards
Anze Kopitar, Dustin Brown, Tyler Toffoli, Marian Gaborik, Jeff Carter, Tanner Pearson, Adrian Kempe, Alex Iafallo, Trevor Lewis, Nick Shore
Custom OT Lines Defensemen
Drew Doughty, Oscar Fantenberg, Ryan Murphy, Alec Martinez, Gustav Forsling

Scratches
Andy Andreoff (Healthy), Kyle Clifford (Healthy), Jonny Brodzinski (Healthy)

San Jose Sharks

5 vs 5 Forward 
   Center                   Left Wing                Right Wing               Time % Phy DF OF 
 1 Logan Couture            Chris Tierney            Kevin Labanc             30     1   1  3  
 2 Christian Dvorak         Clayton Keller           Timo Meier               30     1   1  3  
 3 Anthony Cirelli          Drew Stafford            Mikkel Boedker           25     1   2  2  
 4 Tommy Wingels            Logan Couture            Tyler Ennis              15     2   3  0  

5 vs 5 Defense 
   Defense                  Defense                                           Time % Phy DF OF 
 1 Brent Burns              Karl Alzner                                       30     1   2  2  
 2 Sebastian Aho2           Travis Dermott                                    30     1   2  2  
 3 Mike Reilly              Travis Dermott                                    25     1   2  2  
 4 Brent Burns              Karl Alzner                                       15     1   2  2  

PowerPlay Forward 
   Center                   Left Wing                Right Wing               Time % Phy DF OF 
 1 Tommy Wingels            Clayton Keller           Logan Couture            50     0   1  4  
 2 Chris Tierney            Tyler Ennis              Timo Meier               50     0   1  4  

PowerPlay Defense
   Defense                  Defense                                           Time % Phy DF OF 
 1 Brent Burns              Karl Alzner                                       50     0   2  3  
 2 Travis Dermott           Sebastian Aho2                                    50     0   2  3  

Penalty Kill 4 Players Forward 
   Center                   Wing                     Time % Phy DF OF 
 1 Clayton Keller           Tommy Wingels            50     1   4  0  
 2 Tyler Ennis              Mikkel Boedker           50     1   4  0  

Penalty Kill 4 Players Defense
   Defense                  Defense                  Time % Phy DF OF 
 1 Brent Burns              Karl Alzner              50     2   3  0  
 2 Travis Dermott           Mike Reilly              50     2   3  0  

Penalty Kill - 3 Players Forward 
   Forward                                           Time % Phy DF OF 
 1 Clayton Keller                                    50     1   4  0  
 2 Tommy Wingels                                     50     1   4  0  

Penalty Kill - 3 Players Defense
   Defense                  Defense                  Time % Phy DF OF 
 1 Karl Alzner              Brent Burns              50     1   4  0  
 2 Travis Dermott           Mike Reilly              50     1   4  0  

4 vs 4 Forward 
   Center                   Wing                     Time % Phy DF OF 
 1 Clayton Keller           Mikkel Boedker           50     1   2  2  
 2 Tommy Wingels            Tyler Ennis              50     1   2  2  

4 vs 4 Defense
   Defense                  Defense                  Time % Phy DF OF 
 1 Brent Burns              Mike Reilly              50     1   2  2  
 2 Karl Alzner              Travis Dermott           50     1   2  2  

Last Minutes Offensive
   Center                   Left Wing                Right Wing               Defense                  Defense                  
   Logan Couture            Chris Tierney            Clayton Keller           Brent Burns              Sebastian Aho2           

Last Minutes Defensive
   Center                   Left Wing                Right Wing               Defense                  Defense                  
   Logan Couture            Chris Tierney            Tyler Ennis              Karl Alzner              Sebastian Aho2           

Goaltenders
Starting : Cam Talbot               
Backup : Reto Berra               

Extra Forwards
Normal : Tyler Ennis, Clayton Keller, Timo Meier - PP : Tyler Ennis, Clayton Keller - PK : Tommy Wingels
Extra Defensemen
Normal : Mike Reilly, Brent Burns, Karl Alzner - PP : Brent Burns - PK : Brent Burns, Karl Alzner
Penalty Shots
Timo Meier, Clayton Keller, Tommy Wingels, Tyler Ennis, Logan Couture
Custom OT Lines Forwards
Timo Meier, Clayton Keller, Mikkel Boedker, Tommy Wingels, Logan Couture, Chris Tierney, Kevin Labanc, Christian Dvorak, Anthony Cirelli, Tyler Ennis
Custom OT Lines Defensemen
Brent Burns, Mike Reilly, Sebastian Aho2, Travis Dermott, Karl Alzner

Scratches
Ian Cole (Torso Injury), Micheal Haley (Healthy), Roman Polak (Chest/Ribs Injury), Marcus Sorensen (Healthy), Joakim Ryan (Healthy)

% Time on Ice - Los Angeles Kings

Lines # - Real PCT - Wanted PCT - Time Play
Normal Forward
1 - 25% - 29% - 12:26
2 - 27% - 29% - 13:42
3 - 27% - 24% - 13:38
4 - 21% - 18% - 10:24
Normal Defense
1 - 39% - 40% - 19:31
2 - 34% - 35% - 17:15
3 - 27% - 25% - 13:24
4 - 0% - 0% - 0:00
PP Forward
1 - 48% - 50% - 4:11
2 - 52% - 50% - 4:29
PP Defense
1 - 52% - 50% - 4:32
2 - 48% - 50% - 4:08
PK Forward
1 - 0% - 50%
2 - 0% - 50%
PK Defense
1 - 0% - 50%
2 - 0% - 50%
PK3 Forward
1 - 0% - 50%
2 - 0% - 50%
PK3 Defense
1 - 0% - 50%
2 - 0% - 50%
44 Forward
1 - 0% - 50%
2 - 0% - 50%
44 Defense
1 - 0% - 50%
2 - 0% - 50%
Last Minute Offensive  - 0:00
Last Minute Defensive  - 1:10
Total
Forward - 60:00
Defense - 60:00

% Time on Ice - San Jose Sharks

Lines # - Real PCT - Wanted PCT - Time Play
Normal Forward
1 - 28% - 30% - 14:07
2 - 29% - 30% - 14:21
3 - 26% - 25% - 12:51
4 - 18% - 15% - 8:54
Normal Defense
1 - 30% - 30% - 15:07
2 - 31% - 30% - 15:49
3 - 25% - 25% - 12:33
4 - 13% - 15% - 6:44
PP Forward
1 - 0% - 50%
2 - 0% - 50%
PP Defense
1 - 0% - 50%
2 - 0% - 50%
PK Forward
1 - 52% - 50% - 4:32
2 - 48% - 50% - 4:08
PK Defense
1 - 47% - 50% - 4:03
2 - 53% - 50% - 4:37
PK3 Forward
1 - 0% - 50%
2 - 0% - 50%
PK3 Defense
1 - 0% - 50%
2 - 0% - 50%
44 Forward
1 - 0% - 50%
2 - 0% - 50%
44 Defense
1 - 0% - 50%
2 - 0% - 50%
Last Minute Offensive  - 1:07
Last Minute Defensive  - 0:00
Total
Forward - 60:00
Defense - 60:00

Play-by-Play

1st period


0:01 of 1st period - Anze Kopitar wins face-off versus Logan Couture in neutral zone.
0:16 of 1st period - Slapshot by Anze Kopitar.
0:16 of 1st period - Shot Misses the Net.
0:26 of 1st period - Drew Doughty is hit by Timo Meier.
1:53 of 1st period - Karl Alzner is hit by Gustav Forsling and loses puck.
2:36 of 1st period - Backhand shot by Alex Iafallo.
2:36 of 1st period - Stopped by Cam Talbot without a rebound.
2:37 of 1st period - Jeff Carter wins face-off versus Tyler Ennis in San Jose Sharks zone.
2:44 of 1st period - Wrist shot by Jeff Carter.
2:44 of 1st period - Shot Blocked by Karl Alzner.
2:46 of 1st period - Minor Penalty to Brent Burns for Hooking.
2:47 of 1st period - Anze Kopitar wins face-off versus Clayton Keller in San Jose Sharks zone.
4:46 of 1st period - Penalty to Brent Burns is over, Brent Burns is back on ice.
5:17 of 1st period - Gustav Forsling is hit by Chris Tierney and loses puck.
5:31 of 1st period - Off-side.
5:32 of 1st period - Christian Dvorak wins face-off versus Oskar Sundqvist in neutral zone.
5:42 of 1st period - Slapshot by Trevor Lewis.
5:42 of 1st period - Stopped by Cam Talbot without a rebound.
5:43 of 1st period - Logan Couture wins face-off versus Dustin Brown in San Jose Sharks zone.
6:00 of 1st period - Travis Dermott is hit by Alec Martinez and loses puck.
6:21 of 1st period - Timo Meier is hit by Jeff Carter and loses puck.
6:37 of 1st period - Brent Burns is hit by Oscar Fantenberg and loses puck.
6:42 of 1st period - Wrist shot by Adrian Kempe.
6:42 of 1st period - Stopped by Cam Talbot without a rebound.
6:43 of 1st period - Anze Kopitar wins face-off versus Tommy Wingels in San Jose Sharks zone.
6:46 of 1st period - Wrist shot by Anze Kopitar.
6:46 of 1st period - Shot Blocked by Karl Alzner.
6:56 of 1st period - Tyler Ennis is hit by Drew Doughty and loses puck.
7:17 of 1st period - Slapshot by Drew Doughty.
7:17 of 1st period - Stopped by Cam Talbot with a rebound.
7:19 of 1st period - Slapshot by Alec Martinez.
7:19 of 1st period - Stopped by Cam Talbot with a rebound.
7:28 of 1st period - Off-side.
7:29 of 1st period - Anthony Cirelli wins face-off versus Jeff Carter in neutral zone.
7:36 of 1st period - Slapshot by Marian Gaborik.
7:36 of 1st period - Stopped by Cam Talbot without a rebound.
7:37 of 1st period - Jeff Carter wins face-off versus Anthony Cirelli in San Jose Sharks zone.
7:48 of 1st period - Wrist shot by Jeff Carter.
7:48 of 1st period - Stopped by Cam Talbot without a rebound.
7:49 of 1st period - Logan Couture wins face-off versus Anze Kopitar in San Jose Sharks zone.
8:14 of 1st period - Tanner Pearson is hit by Mikkel Boedker and loses puck.
8:40 of 1st period - Off-side.
8:41 of 1st period - Logan Couture wins face-off versus Anze Kopitar in neutral zone.
8:44 of 1st period - Slapshot by Logan Couture.
8:44 of 1st period - Deflect By Chris Tierney.
8:44 of 1st period - Shot Misses the Net.
8:44 of 1st period - Puck is out of play.
8:45 of 1st period - Anze Kopitar wins face-off versus Logan Couture in Los Angeles Kings zone.
8:45 of 1st period - Anze Kopitar is hit by Sebastian Aho2.
9:12 of 1st period - Minor Penalty to Sebastian Aho2 for Roughing.
9:13 of 1st period - Tyler Ennis wins face-off versus Tanner Pearson in San Jose Sharks zone.
9:37 of 1st period - Jake Muzzin is hit by Tyler Ennis and loses puck.
10:05 of 1st period - Icing by Tyler Toffoli.
10:06 of 1st period - Clayton Keller wins face-off versus Dustin Brown in Los Angeles Kings zone.
11:12 of 1st period - Penalty to Sebastian Aho2 is over, Sebastian Aho2 is back on ice.
11:25 of 1st period - Snap shot by Alex Iafallo.
11:25 of 1st period - Shot Misses the Net.
11:29 of 1st period - Snap shot by Adrian Kempe.
11:29 of 1st period - Stopped by Cam Talbot without a rebound.
11:30 of 1st period - Christian Dvorak wins face-off versus Oskar Sundqvist in San Jose Sharks zone.
11:30 of 1st period - Christian Dvorak is hit by Derek Dorsett.
11:54 of 1st period - Ryan Murphy is hit by Mikkel Boedker and loses puck.
12:08 of 1st period - Mikkel Boedker is hit by Adrian Kempe and loses puck.
12:21 of 1st period - Marian Gaborik is hit by Tommy Wingels.
12:22 of 1st period - Marian Gaborik from Los Angeles Kings is injured at 12:22 of 1st period (Sore Right Knee).
12:23 of 1st period - Anze Kopitar wins face-off versus Christian Dvorak in Los Angeles Kings zone.
12:50 of 1st period - Jeff Carter is hit by Mikkel Boedker and loses puck.
13:13 of 1st period - Snap shot by Drew Doughty.
13:13 of 1st period - Deflect By Alex Iafallo.
13:13 of 1st period - Stopped by Cam Talbot without a rebound.
13:14 of 1st period - Nick Shore wins face-off versus Christian Dvorak in San Jose Sharks zone.
13:15 of 1st period - Snap shot by Adrian Kempe.
13:15 of 1st period - Shot Misses the Net.
13:37 of 1st period - Clayton Keller is hit by Oscar Fantenberg and loses puck.
13:52 of 1st period - Nick Shore is hit by Travis Dermott and loses puck.
14:25 of 1st period - Snap shot by Timo Meier.
14:25 of 1st period - Stopped by Jonathan Quick without a rebound.
14:26 of 1st period - Anze Kopitar wins face-off versus Logan Couture in Los Angeles Kings zone.
14:51 of 1st period - Mikkel Boedker is hit by Tanner Pearson and loses puck.
15:13 of 1st period - Off-side.
15:14 of 1st period - Tommy Wingels wins face-off versus Oskar Sundqvist in neutral zone.
15:21 of 1st period - Wrist shot by Logan Couture.
15:21 of 1st period - Stopped by Jonathan Quick with a rebound.
15:23 of 1st period - Wrist shot by Tyler Ennis.
15:23 of 1st period - Shot Blocked by Trevor Lewis.
15:29 of 1st period - Drew Doughty is hit by Tyler Ennis and loses puck.
15:46 of 1st period - Snap shot by Alec Martinez.
15:46 of 1st period - Stopped by Cam Talbot with a rebound.
15:50 of 1st period - Snap shot by Trevor Lewis.
15:50 of 1st period - Stopped by Cam Talbot with a rebound.
15:52 of 1st period - Snap shot by Oskar Sundqvist.
15:52 of 1st period - Stopped by Cam Talbot with a rebound.
15:54 of 1st period - Wrist shot by Trevor Lewis.
15:54 of 1st period - Shot Blocked by Tyler Ennis.
15:56 of 1st period - Wrist shot by Derek Dorsett.
15:56 of 1st period - Deflect By Trevor Lewis.
15:56 of 1st period - Stopped by Cam Talbot with a rebound.
15:58 of 1st period - Wrist shot by Alec Martinez.
15:58 of 1st period - Stopped by Cam Talbot with a rebound.
16:06 of 1st period - Backhand shot by Trevor Lewis.
16:06 of 1st period - Shot Misses the Net.
16:08 of 1st period - Slapshot by Drew Doughty.
16:08 of 1st period - Stopped by Cam Talbot with a rebound.
16:10 of 1st period - Snap shot by Derek Dorsett.
16:10 of 1st period - Shot Blocked by Mike Reilly.
16:12 of 1st period - Slapshot by Drew Doughty.
16:12 of 1st period - Shot Blocked by Tommy Wingels.
16:28 of 1st period - Snap shot by Trevor Lewis.
16:28 of 1st period - Shot Blocked by Travis Dermott.
16:30 of 1st period - Slapshot by Derek Dorsett.
16:30 of 1st period - Shot Misses the Net.
16:32 of 1st period - Wrist shot by Oskar Sundqvist.
16:32 of 1st period - Shot Misses the Net.
17:00 of 1st period - Slapshot by Tyler Ennis.
17:00 of 1st period - Shot Misses the Net.
17:36 of 1st period - Wrist shot by Drew Doughty.
17:36 of 1st period - Shot Misses the Net.
17:38 of 1st period - Slapshot by Drew Doughty.
17:38 of 1st period - Stopped by Cam Talbot with a rebound.
17:40 of 1st period - Wrist shot by Drew Doughty.
17:40 of 1st period - Shot Misses the Net.
17:42 of 1st period - Wrist shot by Oskar Sundqvist.
17:42 of 1st period - Shot Misses the Net.
17:44 of 1st period - Wrist shot by Drew Doughty.
17:44 of 1st period - Stopped by Cam Talbot without a rebound.
17:45 of 1st period - Anthony Cirelli wins face-off versus Anze Kopitar in San Jose Sharks zone.
17:56 of 1st period - Slapshot by Brent Burns.
17:56 of 1st period - Deflect By Jake Muzzin.
17:56 of 1st period - Stopped by Jonathan Quick without a rebound.
17:57 of 1st period - Jeff Carter wins face-off versus Anthony Cirelli in Los Angeles Kings zone.
18:21 of 1st period - Icing by Anze Kopitar.
18:22 of 1st period - Christian Dvorak wins face-off versus Nick Shore in Los Angeles Kings zone.
18:27 of 1st period - Snap shot by Clayton Keller.
18:27 of 1st period - Stopped by Jonathan Quick without a rebound.
18:28 of 1st period - Christian Dvorak wins face-off versus Nick Shore in Los Angeles Kings zone.
18:29 of 1st period - Wrist shot by Clayton Keller.
18:29 of 1st period - Shot Misses the Net.
18:31 of 1st period - Wrist shot by Brent Burns.
18:31 of 1st period - Deflect By Jake Muzzin.
18:31 of 1st period - Stopped by Jonathan Quick with a rebound.
18:33 of 1st period - Snap shot by Christian Dvorak.
18:33 of 1st period - Stopped by Jonathan Quick with a rebound.
18:37 of 1st period - Slapshot by Timo Meier.
18:37 of 1st period - Shot Misses the Net.
18:39 of 1st period - Slapshot by Brent Burns.
18:39 of 1st period - Deflect By Nick Shore.
18:39 of 1st period - Stopped by Jonathan Quick with a rebound.
18:41 of 1st period - Wrist shot by Christian Dvorak.
18:41 of 1st period - Shot Misses the Net.
18:51 of 1st period - Snap shot by Clayton Keller.
18:51 of 1st period - Stopped by Jonathan Quick without a rebound.
18:52 of 1st period - Anthony Cirelli wins face-off versus Anze Kopitar in Los Angeles Kings zone.
18:59 of 1st period - Wrist shot by Dustin Brown.
18:59 of 1st period - Stopped by Cam Talbot with a rebound.
19:03 of 1st period - Wrist shot by Tyler Toffoli.
19:03 of 1st period - Stopped by Cam Talbot without a rebound.
19:04 of 1st period - Anthony Cirelli wins face-off versus Tanner Pearson in San Jose Sharks zone.
19:19 of 1st period - Wrist shot by Anze Kopitar.
19:19 of 1st period - Shot Misses the Net.
19:37 of 1st period - Snap shot by Clayton Keller.
19:37 of 1st period - Shot Misses the Net.
19:39 of 1st period - Slapshot by Timo Meier.
19:39 of 1st period - Shot Hit the Post.
19:48 of 1st period - Off-side.
19:49 of 1st period - Logan Couture wins face-off versus Anze Kopitar in neutral zone.
19:56 of 1st period - Snap shot by Logan Couture.
19:56 of 1st period - Stopped by Jonathan Quick without a rebound.
19:57 of 1st period - Anze Kopitar wins face-off versus Anthony Cirelli in Los Angeles Kings zone.
Goals for this period are 0 for Los Angeles Kings vs 0 for San Jose Sharks.
Shots for this period are 19 for Los Angeles Kings vs 9 for San Jose Sharks.

2nd period


0:01 of 2nd period - Anze Kopitar wins face-off versus Logan Couture in neutral zone.
0:30 of 2nd period - Sebastian Aho2 is hit by Derek Dorsett and loses puck.
0:47 of 2nd period - Jake Muzzin is hit by Travis Dermott and loses puck.
0:56 of 2nd period - Snap shot by Clayton Keller.
0:56 of 2nd period - Stopped by Jonathan Quick with a rebound.
1:06 of 2nd period - Tyler Ennis is hit by Ryan Murphy and loses puck.
1:13 of 2nd period - Dustin Brown is hit by Karl Alzner and loses puck.
1:24 of 2nd period - Snap shot by Jeff Carter.
1:24 of 2nd period - Shot Misses the Net.
1:44 of 2nd period - Drew Doughty is hit by Timo Meier and loses puck.
2:52 of 2nd period - Icing by Travis Dermott.
2:53 of 2nd period - Christian Dvorak wins face-off versus Nick Shore in San Jose Sharks zone.
3:15 of 2nd period - Icing by Nick Shore.
3:16 of 2nd period - Nick Shore wins face-off versus Logan Couture in Los Angeles Kings zone.
3:16 of 2nd period - Nick Shore is hit by Logan Couture.
4:02 of 2nd period - Drew Stafford is hit by Drew Doughty and loses puck.
5:00 of 2nd period - Minor Penalty to Mike Reilly for Hooking.
5:01 of 2nd period - Jeff Carter wins face-off versus Tyler Ennis in San Jose Sharks zone.
5:12 of 2nd period - Slapshot by Drew Doughty.
5:12 of 2nd period - Shot Blocked by Travis Dermott.
5:14 of 2nd period - Slapshot by Nick Shore.
5:14 of 2nd period - Goal by Nick Shore - Los Angeles Kings : 1 - San Jose Sharks : 0.
5:15 of 2nd period - Logan Couture wins face-off versus Tanner Pearson in neutral zone.
5:20 of 2nd period - Icing by Logan Couture.
5:21 of 2nd period - Jeff Carter wins face-off versus Logan Couture in San Jose Sharks zone.
5:51 of 2nd period - Minor Penalty to Anthony Cirelli for Tripping.
5:52 of 2nd period - Clayton Keller wins face-off versus Anze Kopitar in San Jose Sharks zone.
6:39 of 2nd period - Icing by Alec Martinez.
6:40 of 2nd period - Tyler Ennis wins face-off versus Anze Kopitar in Los Angeles Kings zone.
6:41 of 2nd period - Snap shot by Brent Burns.
6:41 of 2nd period - Stopped by Jonathan Quick with a rebound.
7:37 of 2nd period - Mikkel Boedker is hit by Dustin Brown and loses puck.
7:51 of 2nd period - Penalty to Anthony Cirelli is over, Anthony Cirelli is back on ice.
8:02 of 2nd period - Alec Martinez is hit by Logan Couture and loses puck.
8:11 of 2nd period - Brent Burns is hit by Derek Dorsett and loses puck.
9:14 of 2nd period - Oscar Fantenberg is hit by Tommy Wingels.
9:24 of 2nd period - Anthony Cirelli is hit by Nick Shore and loses puck.
9:55 of 2nd period - Trevor Lewis is hit by Christian Dvorak and loses puck.
10:10 of 2nd period - Mikkel Boedker is hit by Oscar Fantenberg and loses puck.
10:25 of 2nd period - Tanner Pearson is hit by Brent Burns and loses puck.
10:47 of 2nd period - Chris Tierney is hit by Tyler Toffoli and loses puck.
11:29 of 2nd period - Anthony Cirelli is hit by Anze Kopitar and loses puck.
11:48 of 2nd period - Kevin Labanc is hit by Nick Shore.
11:58 of 2nd period - Anthony Cirelli is hit by Derek Dorsett and loses puck.
12:51 of 2nd period - Oscar Fantenberg is hit by Clayton Keller.
13:39 of 2nd period - Chris Tierney is hit by Derek Dorsett.
15:00 of 2nd period - Icing by Karl Alzner.
15:01 of 2nd period - Anze Kopitar wins face-off versus Anthony Cirelli in San Jose Sharks zone.
15:06 of 2nd period - Snap shot by Anze Kopitar.
15:06 of 2nd period - Shot Misses the Net.
15:22 of 2nd period - Gustav Forsling is hit by Kevin Labanc and loses puck.
15:35 of 2nd period - Mike Reilly is hit by Oscar Fantenberg and loses puck.
15:46 of 2nd period - Oskar Sundqvist is hit by Tyler Ennis and loses puck.
16:20 of 2nd period - Brent Burns is hit by Jake Muzzin and loses puck.
18:53 of 2nd period - Tommy Wingels is hit by Adrian Kempe and loses puck.
Goals for this period are 1 for Los Angeles Kings vs 0 for San Jose Sharks.
Shots for this period are 1 for Los Angeles Kings vs 2 for San Jose Sharks.

3rd period


0:01 of 3rd period - Logan Couture wins face-off versus Anze Kopitar in neutral zone.
0:06 of 3rd period - Chris Tierney is hit by Dustin Brown and loses puck.
0:31 of 3rd period - Wrist shot by Clayton Keller.
0:31 of 3rd period - Stopped by Jonathan Quick without a rebound.
0:32 of 3rd period - Jeff Carter wins face-off versus Anthony Cirelli in Los Angeles Kings zone.
0:58 of 3rd period - Chris Tierney is hit by Jake Muzzin and loses puck.
1:41 of 3rd period - Icing by Karl Alzner.
1:42 of 3rd period - Anze Kopitar wins face-off versus Tommy Wingels in San Jose Sharks zone.
1:57 of 3rd period - Snap shot by Dustin Brown.
1:57 of 3rd period - Stopped by Cam Talbot without a rebound.
1:58 of 3rd period - Jeff Carter wins face-off versus Christian Dvorak in San Jose Sharks zone.
1:59 of 3rd period - Wrist shot by Anze Kopitar.
1:59 of 3rd period - Stopped by Cam Talbot without a rebound.
2:00 of 3rd period - Christian Dvorak wins face-off versus Jeff Carter in San Jose Sharks zone.
2:05 of 3rd period - Jeff Carter is hit by Brent Burns and loses puck.
2:40 of 3rd period - Drew Doughty is hit by Chris Tierney and loses puck.
2:58 of 3rd period - Snap shot by Mikkel Boedker.
2:58 of 3rd period - Stopped by Jonathan Quick without a rebound.
2:59 of 3rd period - Anze Kopitar wins face-off versus Timo Meier in Los Angeles Kings zone.
3:24 of 3rd period - Travis Dermott is hit by Derek Dorsett and loses puck.
3:33 of 3rd period - Snap shot by Kevin Labanc.
3:33 of 3rd period - Stopped by Jonathan Quick without a rebound.
3:34 of 3rd period - Anze Kopitar wins face-off versus Anthony Cirelli in Los Angeles Kings zone.
3:43 of 3rd period - Karl Alzner is hit by Anze Kopitar.
4:00 of 3rd period - Minor Penalty to Kevin Labanc for High sticking.
4:01 of 3rd period - Clayton Keller wins face-off versus Anze Kopitar in San Jose Sharks zone.
4:06 of 3rd period - Slapshot by Brent Burns.
4:06 of 3rd period - Deflect By Dustin Brown.
4:06 of 3rd period - Stopped by Jonathan Quick with a rebound.
4:28 of 3rd period - Snap shot by Jeff Carter.
4:28 of 3rd period - Shot Misses the Net.
4:30 of 3rd period - Wrist shot by Tanner Pearson.
4:30 of 3rd period - Deflect By Nick Shore.
4:30 of 3rd period - Goal by Nick Shore - Los Angeles Kings : 2 - San Jose Sharks : 0.
4:31 of 3rd period - Anze Kopitar wins face-off versus Logan Couture in neutral zone.
4:36 of 3rd period - Slapshot by Anze Kopitar.
4:36 of 3rd period - Shot Blocked by Chris Tierney.
4:38 of 3rd period - Wrist shot by Drew Doughty.
4:38 of 3rd period - Shot Blocked by Brent Burns.
4:56 of 3rd period - Clayton Keller is hit by Derek Dorsett and loses puck.
5:03 of 3rd period - Slapshot by Timo Meier.
5:03 of 3rd period - Deflect By Christian Dvorak.
5:03 of 3rd period - Shot Misses the Net.
5:03 of 3rd period - Puck is out of play.
5:04 of 3rd period - Anthony Cirelli wins face-off versus Anze Kopitar in Los Angeles Kings zone.
5:26 of 3rd period - Icing by Travis Dermott.
5:27 of 3rd period - Jeff Carter wins face-off versus Logan Couture in San Jose Sharks zone.
5:34 of 3rd period - Slapshot by Drew Doughty.
5:34 of 3rd period - Shot Blocked by Travis Dermott.
5:36 of 3rd period - Slapshot by Drew Doughty.
5:36 of 3rd period - Shot Hit the Post.
6:01 of 3rd period - Slapshot by Brent Burns.
6:01 of 3rd period - Shot Blocked by Drew Doughty.
6:44 of 3rd period - Slapshot by Alec Martinez.
6:44 of 3rd period - Stopped by Cam Talbot with a rebound.
6:46 of 3rd period - Snap shot by Alex Iafallo.
6:46 of 3rd period - Stopped by Cam Talbot with a rebound.
6:48 of 3rd period - Snap shot by Nick Shore.
6:48 of 3rd period - Stopped by Cam Talbot without a rebound.
6:49 of 3rd period - Christian Dvorak wins face-off versus Anze Kopitar in San Jose Sharks zone.
7:16 of 3rd period - Jeff Carter is hit by Drew Stafford and loses puck.
7:21 of 3rd period - Slapshot by Anthony Cirelli.
7:21 of 3rd period - Stopped by Jonathan Quick with a rebound.
7:23 of 3rd period - Snap shot by Drew Stafford.
7:23 of 3rd period - Stopped by Jonathan Quick with a rebound.
7:50 of 3rd period - Anze Kopitar is hit by Christian Dvorak and loses puck.
9:11 of 3rd period - Ryan Murphy is hit by Mike Reilly.
9:49 of 3rd period - Minor Penalty to Kevin Labanc for Goalie Interference.
9:50 of 3rd period - Clayton Keller wins face-off versus Anze Kopitar in San Jose Sharks zone.
10:20 of 3rd period - Tyler Ennis is hit by Nick Shore and loses puck.
11:49 of 3rd period - Penalty to Kevin Labanc is over, Kevin Labanc is back on ice.
11:55 of 3rd period - Wrist shot by Kevin Labanc.
11:55 of 3rd period - Stopped by Jonathan Quick without a rebound.
11:56 of 3rd period - Oskar Sundqvist wins face-off versus Logan Couture in Los Angeles Kings zone.
11:56 of 3rd period - Oskar Sundqvist is hit by Chris Tierney.
12:20 of 3rd period - Snap shot by Alex Iafallo.
12:20 of 3rd period - Stopped by Cam Talbot without a rebound.
12:21 of 3rd period - Anze Kopitar wins face-off versus Christian Dvorak in San Jose Sharks zone.
13:06 of 3rd period - Wrist shot by Logan Couture.
13:06 of 3rd period - Shot Misses the Net.
13:30 of 3rd period - Slapshot by Clayton Keller.
13:30 of 3rd period - Stopped by Jonathan Quick without a rebound.
13:31 of 3rd period - Anze Kopitar wins face-off versus Christian Dvorak in Los Angeles Kings zone.
13:40 of 3rd period - Slapshot by Anze Kopitar.
13:40 of 3rd period - Shot Misses the Net.
13:54 of 3rd period - Wrist shot by Christian Dvorak.
13:54 of 3rd period - Stopped by Jonathan Quick without a rebound.
13:55 of 3rd period - Jeff Carter wins face-off versus Logan Couture in Los Angeles Kings zone.
14:28 of 3rd period - Wrist shot by Mikkel Boedker.
14:28 of 3rd period - Shot Misses the Net.
15:17 of 3rd period - Wrist shot by Jeff Carter.
15:17 of 3rd period - Shot Misses the Net.
15:29 of 3rd period - Wrist shot by Mikkel Boedker.
15:29 of 3rd period - Stopped by Jonathan Quick with a rebound.
15:31 of 3rd period - Snap shot by Drew Stafford.
15:31 of 3rd period - Stopped by Jonathan Quick with a rebound.
15:33 of 3rd period - Slapshot by Brent Burns.
15:33 of 3rd period - Shot Blocked by Tanner Pearson.
15:35 of 3rd period - Slapshot by Anthony Cirelli.
15:35 of 3rd period - Stopped by Jonathan Quick without a rebound.
15:36 of 3rd period - Alex Iafallo wins face-off versus Christian Dvorak in Los Angeles Kings zone.
15:49 of 3rd period - Snap shot by Christian Dvorak.
15:49 of 3rd period - Shot Misses the Net.
15:51 of 3rd period - Backhand shot by Mike Reilly.
15:51 of 3rd period - Deflect By Christian Dvorak.
15:51 of 3rd period - Stopped by Jonathan Quick with a rebound.
16:03 of 3rd period - Mikkel Boedker is hit by Derek Dorsett and loses puck.
16:23 of 3rd period - Sebastian Aho2 is hit by Anze Kopitar and loses puck.
16:30 of 3rd period - Dustin Brown is hit by Kevin Labanc and loses puck.
16:41 of 3rd period - Jeff Carter is hit by Christian Dvorak and loses puck.
17:11 of 3rd period - Snap shot by Mikkel Boedker.
17:11 of 3rd period - Deflect By Anthony Cirelli.
17:11 of 3rd period - Shot Misses the Net.
17:11 of 3rd period - Puck is out of play.
17:12 of 3rd period - Anze Kopitar wins face-off versus Logan Couture in Los Angeles Kings zone.
17:12 of 3rd period - Anze Kopitar is hit by Logan Couture.
17:23 of 3rd period - Dustin Brown is hit by Logan Couture and loses puck.
17:32 of 3rd period - Kevin Labanc is hit by Dustin Brown and loses puck.
17:45 of 3rd period - Snap shot by Tanner Pearson.
17:45 of 3rd period - Shot Blocked by Mike Reilly.
17:55 of 3rd period - Backhand shot by Kevin Labanc.
17:55 of 3rd period - Goal by Kevin Labanc - Los Angeles Kings : 2 - San Jose Sharks : 1.
17:56 of 3rd period - Anthony Cirelli wins face-off versus Nick Shore in neutral zone.
18:00 of 3rd period - Off-side.
18:01 of 3rd period - Nick Shore wins face-off versus Anthony Cirelli in neutral zone.
18:08 of 3rd period - Wrist shot by Nick Shore.
18:08 of 3rd period - Stopped by Cam Talbot with a rebound.
18:10 of 3rd period - Snap shot by Ryan Murphy.
18:10 of 3rd period - Stopped by Cam Talbot without a rebound.
18:11 of 3rd period - Anthony Cirelli wins face-off versus Nick Shore in San Jose Sharks zone.
19:09 of 3rd period - San Jose Sharks, Cam Talbot is pulled from the net.
19:09 of 3rd period - Snap shot by Logan Couture.
19:09 of 3rd period - Shot Blocked by Ryan Murphy.
19:11 of 3rd period - Slapshot by Karl Alzner.
19:11 of 3rd period - Stopped by Jonathan Quick without a rebound.
19:12 of 3rd period - Todd McLellan call a timeout for San Jose Sharks.
19:12 of 3rd period - Logan Couture wins face-off versus Nick Shore in Los Angeles Kings zone.
19:23 of 3rd period - Snap shot by Clayton Keller.
19:23 of 3rd period - Stopped by Jonathan Quick with a rebound.
Goals for this period are 1 for Los Angeles Kings vs 1 for San Jose Sharks.
Shots for this period are 9 for Los Angeles Kings vs 16 for San Jose Sharks.